Map: Deathaura LE

Players

Neeb

  • Race: Protoss Protoss
  • Spawn Location: 5:00

INnoVation - Winner!

  • Race: Terran Terran
  • Spawn Location: 11:00

Event: DreamHack SC2 Masters 2020 Summer Season Finals

VOD

Have the link to the VOD?

Description

Time

  • Played on: July 16, 2020, 10:14 a.m.
  • Length: 16:19

All games in this series

Show
View Real Time Build Order
Export as new Build Order

Neeb Protoss 

Build Orders: 1 Gate Expand, Oracle Opening, Phoenix Opening 

Get SALT Encoding   

  12  0:00  Probe  
  13  0:13  Probe  
  14  0:17  Pylon  
  14  0:24  Probe  
  14  0:27  Assimilator  
  15  0:32  Probe  
  15  0:41  Probe  
  16  0:44  Gateway  
  17  0:53  Probe  
  18  1:05  Probe  
  19  1:18  Probe  
  20  1:23  Nexus  
  20  1:31  Cybernetics Core  
  20  1:34  Probe  
  20  1:38  Assimilator  
  21  1:46  Probe  
  22  1:48  Pylon  
  22  1:54  Probe  
  22  1:57  Stalker  
  23  2:02  Probe  
  26  2:13  Probe  
  26  2:14  Stargate  
  27  2:25  Probe, Warp Gate  
  28  2:31  Adept, Probe  
  32  2:37  Probe  
  32  2:39  Probe  
  33  2:49  Probe x2  
  33  2:50  Oracle  
  35  2:54  Pylon  
  38  3:01  Probe x2  
  38  3:04  Adept  
  42  3:13  Probe  
  42  3:16  Probe  
  42  3:18  Gateway  
  44  3:22  Gateway  
  44  3:25  Probe  
  44  3:26  Phoenix, Pylon  
  45  3:34  Probe  
  48  3:37  Probe  
  49  3:46  Probe, Shield Battery, Pylon  
  50  3:49  Phoenix, Probe  
  53  3:58  Probe  
  53  4:01  Probe  
  55  4:08  Phoenix, Assimilator x2  
  55  4:10  Probe  
  55  4:12  Pylon  
  55  4:13  Probe  
  59  4:19  Stalker  
  59  4:22  Probe  
  59  4:23  Stalker  
  64  4:26  Stalker  
  64  4:30  Pylon  
  66  4:52  Probe  
  65  4:53  Probe  
  62  5:01  Nexus  
  62  5:03  Phoenix, Pylon  
  62  5:04  Probe  
  62  5:05  Probe  
  66  5:09  Robotics Facility  
  66  5:16  Twilight Council, Probe  
  66  5:17  Probe  
  68  5:23  Sentry  
  68  5:28  Phoenix, Probe  
  73  5:29  Probe  
  74  5:40  Sentry, Zealot, Probe  
  74  5:41  Probe  
  80  5:42  Charge  
  80  5:43  Pylon  
  80  5:52  Probe  
  80  5:53  Probe  
  80  5:54  Immortal  
  80  5:56  Forge x2  
  82  5:57  Pylon  
  82  5:58  Robotics Bay  
  86  6:04  Probe  
  86  6:08  Probe  
  88  6:15  Probe  
  88  6:16  Probe  
  88  6:17  Protoss Ground Weapons Level 1, Protoss Ground Armor Level 1  
  90  6:23  Probe  
  90  6:24  Nexus  
  91  6:27  Observer, Probe  
  92  6:33  Colossus  
  92  6:34  Pylon  
  92  6:37  Gateway  
  93  6:43  Gateway  
  93  6:45  Gateway  
  93  6:46  Probe x3  
  94  6:53  Zealot  
  94  6:54  Zealot  
  104  6:57  Photon Cannon  
  104  6:58  Zealot  
  104  7:01  Probe x3  
  109  7:11  Extended Thermal Lance  
  109  7:12  Gateway  
  109  7:13  Gateway, Probe  
  109  7:14  Probe x2  
  112  7:21  Colossus, Zealot x3  
  124  7:31  Probe x2  
  126  7:38  Gateway  
  126  7:39  Gateway  
  123  7:47  Zealot x2  
  123  7:48  Zealot x4  
  123  7:50  Templar Archives  
  135  7:55  Probe  
  135  7:57  Pylon  
  136  8:00  Protoss Ground Weapons Level 2, Protoss Ground Armor Level 2, Pylon x2  
  134  8:06  Photon Cannon  
  134  8:08  Colossus  
  134  8:12  Zealot x3  
  122  8:13  Zealot x5  
  134  8:31  Nexus  
  132  8:35  Zealot x3  
  138  8:42  Zealot x5  
  138  8:46  Shield Battery  
  148  8:53  High Templar  
  148  8:54  High Templar  
  152  8:59  Archon  
  152  9:01  Zealot x3  
  158  9:05  Zealot  
  158  9:06  Zealot x4  
  168  9:23  Zealot x3  
  172  9:25  Pylon  
  172  9:27  Probe x2  
  172  9:30  Pylon  
  168  9:32  Warp Prism  
  168  9:33  Pylon x3  
  168  9:35  Gravitic Drive, Pylon  
  168  9:36  Pylon  
  168  9:37  Dark Shrine  
  168  9:38  High Templar x2  
  168  9:39  Pylon  
  174  9:52  Archon, Zealot x5  
  178  9:53  Zealot x3  
  190  10:00  Photon Cannon  
  190  10:02  Photon Cannon  
  190  10:06  Blink  
  188  10:14  Photon Cannon  
  188  10:17  Photon Cannon  
  188  10:19  Shield Battery  
  188  10:23  Disruptor  
  191  10:28  Robotics Facility  
  191  10:31  Assimilator  
  191  10:33  Assimilator, Robotics Facility  
  191  10:35  Probe x3  
  194  10:40  Protoss Ground Armor Level 3  
  194  10:44  Protoss Ground Weapons Level 3  
  194  10:49  Photon Cannon  
  192  10:52  Pylon  
  192  10:55  Photon Cannon  
  186  11:09  Photon Cannon, Gateway  
  182  11:12  Photon Cannon  
  182  11:13  Gateway x2  
  182  11:15  Disruptor  
  177  11:25  Disruptor  
  171  11:26  Stalker  
  171  11:30  Assimilator x2  
  176  11:39  Disruptor  
  173  11:47  Zealot x6  
  173  11:48  Zealot  
  173  11:50  Disruptor  
  184  12:01  Disruptor  
  176  12:05  Stalker  
  172  12:10  Zealot  
  172  12:11  Zealot  
  172  12:14  Zealot  
  172  12:15  Stalker x3, Zealot x6  
  135  12:34  Stalker  
  135  12:35  Stalker x6, Nexus, Pylon  
  135  12:36  Stalker x3  
  135  12:37  Disruptor  
  155  12:42  Warp Prism  
  158  12:48  Probe x2  
  158  12:49  Probe  
  159  12:53  Shadow Stride  
  155  13:03  Stalker x5  
  161  13:08  Stalker x3  
  161  13:09  Stalker x4  
  161  13:12  Disruptor  
  175  13:17  Pylon  
  174  13:23  Dark Templar  
  174  13:24  Pylon  
  176  13:27  Disruptor  
  176  13:31  Disruptor  
  164  13:43  Assimilator  
  164  13:47  Photon Cannon x2  
  167  13:50  Photon Cannon  
  167  13:52  Assimilator  
  165  13:56  Dark Templar  
  165  13:57  Dark Templar x2, Zealot x7  
  165  14:02  Protoss Shields Level 1  
  185  14:05  Disruptor  
  188  14:11  Observer  
  187  14:20  Stalker x2  
  191  14:28  Dark Templar x3  
  195  14:35  Dark Templar  
  195  14:36  Zealot  
  195  14:49  Shield Battery  
  195  14:50  Shield Battery  
  195  14:52  Shield Battery  
  164  15:01  Stalker x11  
  164  15:02  Stalker  
  155  15:32  Pylon  
  131  15:38  Stalker x12  
  147  15:44  Dark Templar  
  123  16:01  Stalker x4  
  123  16:02  Stalker x4, Zealot  
  110  16:04  Zealot  
Show
View Real Time Build Order
Export as new Build Order

INnoVation Terran - Winner!

Build Orders: Reaper Expand 

Get SALT Encoding   

  12  0:00  SCV  
  13  0:13  SCV  
  14  0:17  Supply Depot  
  14  0:25  SCV  
  15  0:38  SCV  
  15  0:41  Barracks  
  16  0:43  Refinery  
  16  0:50  SCV  
  17  1:03  SCV  
  18  1:15  SCV  
  19  1:27  Orbital Command  
  19  1:28  Reaper  
  20  1:40  Command Center  
  20  1:48  Supply Depot  
  20  1:53  SCV  
  21  1:59  Marine  
  22  2:05  SCV  
  23  2:08  Factory  
  23  2:14  Refinery  
  23  2:17  SCV  
  23  2:21  Barracks Reactor  
  24  2:28  Bunker  
  24  2:29  SCV  
  25  2:41  SCV  
  26  2:52  Orbital Command, Factory Tech Lab  
  26  2:53  SCV  
  26  2:57  Marine x2  
  30  3:05  SCV  
  30  3:10  Cyclone  
  30  3:12  Mag-Field Accelerator  
  33  3:15  Marine x2  
  33  3:17  SCV  
  33  3:18  SCV  
  37  3:21  Supply Depot  
  37  3:29  SCV  
  37  3:30  SCV  
  37  3:33  Marine x2  
  41  3:42  Cyclone  
  41  3:44  SCV x2  
  41  3:46  Supply Depot  
  46  3:51  Marine x2  
  46  3:54  Engineering Bay  
  48  3:58  SCV x2  
  48  4:00  Supply Depot  
  50  4:08  Marine x2  
  52  4:10  SCV x2  
  52  4:14  Cyclone  
  57  4:22  SCV x2  
  59  4:29  Marine x2  
  61  4:34  SCV x2  
  61  4:35  Command Center  
  63  4:45  Barracks  
  63  4:49  Marine x2  
  63  4:51  SCV x2  
  63  4:52  Siege Tank  
  56  5:00  Terran Infantry Weapons Level 1  
  56  5:02  Refinery  
  56  5:03  Refinery, SCV x2  
  56  5:06  Barracks  
  56  5:07  Marine  
  56  5:08  Marine  
  56  5:12  Missile Turret x2  
  58  5:15  SCV x2  
  60  5:25  Marine x2  
  62  5:28  SCV x2  
  62  5:33  Factory Reactor  
  63  5:40  Stimpack, Starport, Marine  
  63  5:42  SCV x2  
  66  5:43  Marine x2  
  66  5:45  Barracks x2  
  66  5:48  Orbital Command, Supply Depot  
  68  5:54  Barracks Tech Lab, SCV  
  68  5:55  SCV  
  70  5:59  Marine  
  70  6:01  Marine x2  
  72  6:04  Supply Depot  
  72  6:08  Orbital Command, SCV  
  72  6:09  SCV  
  73  6:16  Marine  
  73  6:17  Combat Shield, Marine  
  75  6:19  Marine x2  
  75  6:21  Factory Reactor  
  75  6:24  SCV x2  
  79  6:30  Medivac x2  
  83  6:33  Barracks Tech Lab  
  83  6:34  Barracks Reactor  
  83  6:35  Supply Depot  
  83  6:37  Marine x2  
  83  6:38  Marauder x2  
  89  6:42  Supply Depot, SCV x2  
  89  6:43  SCV  
  91  6:52  Concussive Shells  
  93  6:54  Marauder  
  93  6:55  Marine x2, Terran Infantry Armor Level 1  
  93  6:57  Supply Depot  
  93  6:58  Widow Mine x2  
  93  6:59  Marauder x2  
  93  7:00  Medivac  
  105  7:01  Medivac  
  105  7:07  SCV x3  
  107  7:08  Supply Depot  
  109  7:15  Marauder  
  109  7:19  Widow Mine x2  
  109  7:20  Marauder  
  109  7:21  Marauder  
  109  7:22  SCV x3  
  120  7:28  Supply Depot  
  119  7:31  Medivac x2  
  119  7:36  SCV x3  
  126  7:45  Marauder x2, Marine  
  126  7:46  Marauder  
  126  7:49  Marine x3  
  126  7:51  Supply Depot x2  
  136  7:53  Armory  
  136  7:55  Engineering Bay  
  136  7:59  Supply Depot  
  136  8:00  SCV x3  
  128  8:13  Marauder x3, Marine  
  128  8:14  Marine x3  
  128  8:16  Refinery  
  128  8:17  Refinery  
  135  8:29  Viking x2  
  135  8:32  SCV x3  
  142  8:40  Missile Turret  
  142  8:42  Missile Turret  
  142  8:45  Terran Infantry Weapons Level 2  
  142  8:51  Terran Infantry Armor Level 2  
  142  8:52  Terran Ship Weapons Level 1  
  142  8:55  Ghost Academy  
  142  9:03  Command Center, Viking  
  142  9:04  Viking  
  144  9:13  Marauder, Marine x2  
  144  9:14  Marauder x2, Marine x2  
  143  9:31  Marine  
  143  9:32  Marine x3  
  143  9:34  Ghost x3  
  143  9:35  Enhanced Shockwaves  
  153  9:40  Barracks  
  153  9:41  Barracks  
  153  9:42  Barracks  
  153  9:47  Supply Depot x2  
  153  9:48  Sensor Tower  
  153  9:50  Viking x2  
  153  9:52  Missile Turret  
  157  9:55  Supply Depot  
  157  9:56  SCV x3  
  157  9:59  Missile Turret  
  160  10:01  Marine x4  
  160  10:04  Missile Turret  
  164  10:08  Ghost x2  
  164  10:10  Ghost  
  170  10:17  SCV x2  
  170  10:18  Supply Depot, SCV, Missile Turret  
  173  10:22  Viking x2  
  173  10:26  Marine x3  
  180  10:32  Barracks Tech Lab x2  
  180  10:34  Refinery  
  179  10:36  Planetary Fortress  
  179  10:37  Refinery  
  179  10:46  Marauder x2, Marine x3  
  179  10:47  Marauder, Marine x3  
  191  10:56  Medivac x2  
  194  11:05  Terran Infantry Weapons Level 3  
  191  11:13  Marauder x4, Marine x2  
  198  11:22  Terran Infantry Armor Level 3  
  198  11:26  Command Center  
  198  11:28  Medivac  
  198  11:32  Missile Turret  
  200  11:45  Command Center  
  199  11:51  Marauder  
  200  11:57  Terran Ship Weapons Level 2  
  196  12:07  Ghost  
  196  12:08  Marine x3, Ghost  
  196  12:09  Marauder, Marine x2  
  166  12:21  Marauder x2, Marine  
  145  12:26  Marine x4  
  145  12:29  Medivac x2  
  136  12:30  Marauder  
  136  12:31  Marine  
  136  12:36  Ghost  
  141  12:37  Marauder  
  141  12:38  Personal Cloaking  
  141  12:39  Marine  
  141  12:42  Ghost x2  
  146  12:44  Marine x3  
  146  12:46  SCV x4  
  146  12:50  Marine x2, Ghost  
  155  12:57  Marine, Ghost  
  150  13:02  Marine x3  
  150  13:05  Ghost  
  147  13:08  Marine  
  147  13:10  Marine, Ghost  
  147  13:11  Marauder  
  153  13:13  Planetary Fortress  
  153  13:14  Marine  
  153  13:19  Ghost  
  154  13:22  Medivac x2  
  154  13:26  Ghost  
  160  13:27  Marine x3  
  160  13:28  Marine  
  160  13:33  Marauder  
  164  13:34  Marauder  
  164  13:40  Marauder  
  164  13:42  Marine x2  
  164  13:45  Marine x3  
  164  13:46  SCV, Missile Turret  
  164  13:48  Marauder, SCV x2  
  174  13:51  Neosteel Armor  
  174  13:54  Marauder  
  180  13:55  Marauder x2  
  180  13:57  Medivac x2  
  180  14:01  Marauder, Marine  
  180  14:02  Marine  
  188  14:03  Marine  
  188  14:04  Marine  
  188  14:05  Marine  
  193  14:10  Marauder  
  193  14:13  Marine  
  193  14:15  Marauder  
  194  14:17  Marauder x2  
  194  14:18  Marine  
  194  14:21  Ghost  
  197  14:28  Marine x4  
  197  14:30  Ghost  
  193  14:32  Nuke  
  193  14:36  Ghost  
  193  14:37  Ghost  
  193  14:38  Marauder, Medivac x2  
  196  14:41  Marine  
  197  14:51  Marauder  
  187  14:58  Marine  
  187  14:59  Marine x3  
  175  15:00  Marauder x2  
  175  15:05  Marauder  
  175  15:07  Marauder, SCV x4  
  180  15:12  Marauder  
  180  15:13  Medivac x2  
  189  15:14  Marine  
  191  15:21  Marauder x2  
  191  15:26  Ghost  
  191  15:27  Ghost  
  190  15:30  Marine x2  
  190  15:31  Marine x2  
  190  15:34  Marauder  
  187  15:41  Ghost  
  187  15:42  Ghost  
  169  15:43  Medivac x2  
  169  15:48  Marine x2  
  172  15:55  Marauder  
  172  15:56  Marauder  
  172  16:00  Marine  
  172  16:01  Marine x2  
Tags
 
Add a new tag
Caveats
  • Supply blocks, unpowered buildings, or Contaminate may cause inaccurate times.
  • Supply counts are checked every 10 seconds.